 Dungeon Crawl Stone Soup version 0.31-a0-344-gd109795599 (webtiles) character file.

Game seed: 7959176532815385035

5450 LeprechaunX the Grappler (level 10, -15/59 HPs)
             Began as an Octopode Shapeshifter on July 22, 2023.
             Was a Follower of Hepliaklqana.
             Killed by an exploding killer bee (16 damage)
             ... ignited by their inner flame
             ... on level 8 of the Dungeon.
             The game lasted 00:12:33 (7507 turns).

LeprechaunX the Grappler (Octopode Shapeshifter)    Turns: 7507, Time: 00:12:33

Health: -15/59     AC: 17    Str: 23    XL:     10   Next: 68%
Magic:  21/21      EV: 11    Int: 10    God:    Hepliaklqana [*.....]
Gold:   446        SH:  0    Dex: 14    Spells: 9/9 levels left

rFire   . .          .
                       - Unarmed
rCold   . . .        (shield currently unavailable)
rNeg    . . .        (helmet currently unavailable)
rPois   .            w - amulet of the acrobat
rElec   .            h - ring of magical power
rCorr   .            m - +4 ring of protection
SInv    .            E - +4 ring of protection
Will    .....        (no ring)
Stlth   +            (no ring)
HPRegen 0.29/turn    (no ring)
MPRegen 0.17/turn    (no ring)
                     (no ring)

%: acrobat
@: lethally poisoned (-15 -> -21), snake-form
A: constrict, reduced essence, almost no armour, amphibious, 8 rings, large,
(camouflage 1), (gelatinous body 1), (nimble swimmer 1), (tentacles)
a: Begin Untransformation, Renounce Religion, Recall Ancestor, Ancestor Identity


You were on level 8 of the Dungeon.
You worshipped Hepliaklqana.
Hepliaklqana was aware of your devotion.
You were an enormous anaconda.
You visited 2 branches of the dungeon, and saw 9 of its levels.
You also visited: Sewer.

You collected 446 gold pieces.

Inventory:

Missiles
 z - 4 poisoned darts (quivered)
 A - 4 boomerangs
Jewellery
 a - a ring of ice
 h - a ring of magical power (left tentacle)
 m - a +4 ring of protection (right tentacle)
 w - an amulet of the acrobat (around neck)
 E - a +4 ring of protection (on tentacle)
Talismans
 b - a beast talisman
 k - a serpent talisman
Wands
 y - a wand of mindburst (15)
 F - a wand of roots (4)
 J - a wand of charming (9)
Scrolls
 d - a scroll of blinking {unknown}
 f - 3 scrolls of revelation
 i - a scroll of immolation
 j - 6 scrolls of poison {unknown}
 l - a scroll of silence {unknown}
 o - 7 scrolls of identify
 r - a scroll of brand weapon {unknown}
 u - a scroll of fog {unknown}
 x - a scroll of amnesia {unknown}
 C - 3 scrolls of fear {unknown}
 D - a scroll of enchant weapon {unknown}
 G - a scroll of summoning {unknown}
 H - a scroll of noise {unknown}
 I - a scroll of teleportation {unknown}
Potions
 c - a potion of mutation {unknown}
 e - 3 potions of brilliance
 g - a potion of attraction {unknown}
 n - 3 potions of heal wounds
 p - a potion of might {unknown}
 q - a potion of cancellation {unknown}
 s - 2 potions of curing {unknown}
 t - 2 potions of berserk rage {unknown}
 v - 2 potions of haste {unknown}
 B - a potion of degeneration {unknown}


   Skills:
 - Level 4.0 Fighting
 - Level 4.0 Dodging
 + Level 11.9 Unarmed Combat
 + Level 2.9 Invocations
 + Level 7.8 Shapeshifting


You had 9 spell levels left.
You didn't know any spells.
Your spell library contained the following spells:

 Spells                   Type           Power      Damage    Failure   Level
 Freeze                   Ice            0%         1d3       36%         1
 Sandblast                Erth           0%         2d4       36%         1
 Blink                    Tloc           0%         N/A       50%         2
 Cigotuvi's Dreadful Rot  Necr/Pois/Air  0%         N/A       50%         2
 Lesser Beckoning         Tloc           0%         N/A       50%         2
 Momentum Strike          Conj/Tloc      0%         3d8       50%         2
 Passwall                 Tmut/Erth      0%         N/A       50%         2
 Poisonous Vapours        Pois/Air       0%         N/A       50%         2
 Static Discharge         Conj/Air       0%         2-2/arc   50%         2
 Dazzling Flash           Conj/Hex       0%         N/A       75%         3
 Frozen Ramparts          Ice            0%         1d1       75%         3
 Hailstorm                Conj/Ice       0%         3d3       75%         3
 Ignite Poison            Fire/Tmut/Pois 0%         N/A       75%         3
 Mephitic Cloud           Conj/Pois/Air  0%         N/A       75%         3
 Stone Arrow              Conj/Erth      0%         3d7       75%         3
 Airstrike                Air            0%         2d(0-16)  98%         4
 Sticky Flame             Conj/Fire      0%         2d3       98%         4
 Summon Lightning Spire   Summ/Air       0%         N/A       98%         4
 Agony                    Necr           0%         N/A       100%        5
 Freezing Cloud           Conj/Ice/Air   0%         6-21      100%        5
 Metabolic Englaciation   Hex/Ice        0%         N/A       100%        5
 Silence                  Hex/Air        0%         N/A       100%        5
 Ignition                 Fire           0%         3d3       100%        8


Dungeon Overview and Level Annotations

Branches:
Dungeon (8/15)             Temple (1/1) D:6           Sewer (visited)
   Lair: D:8-11

Altars:
Ashenzari
Cheibriados
Dithmenos
Elyvilon
Fedhas
Gozag
Hepliaklqana
Kikubaaqudgha
Makhleb
Nemelex Xobeh
Okawaru
Qazlal
Ru
Sif Muna
Trog
Uskayaw
Vehumet
Wu Jian
Xom
Yredelemnul
Zin

Shops:
D:1 (   D:5 *

Portals:
Abyss: D:7

Annotations:
D:7 2 transporters, AwFulAwFulPlayer's ghost, novice TrMo
Temple 2 transporters


Innate Abilities, Weirdness & Mutations

You are an enormous anaconda.
You have a powerful constriction melee attack.
Your armour is entirely melded.
You are incapable of wielding weapons or throwing items.
Your life essence is reduced to manifest your ancestor. (-10% HP)
You cannot wear most types of armour.
You are amphibious.
You can wear up to eight rings at the same time.
((Your skin changes colour to match your surroundings (Stealth+).))
((Your rubbery body absorbs attacks. (AC +1, EV +1)))
((You are camouflaged when in or above water. (Stealth+)))
((You have tentacles for arms and can constrict up to eight enemies at once.))


Message History

You are poisoned.
The killer bee poisons you!
The gnoll sergeant hits you but does no damage.
The killer bee closely misses you.
The killer bee stings you but does no damage. x2
You barely miss the killer bee. Your grab misses the killer bee.
You feel sick. The killer bee completely misses you.
The killer bee stings you but does no damage.
You closely miss the killer bee. Your grab misses the killer bee.
You feel sick. The killer bee barely misses you.
The killer bee stings you but does no damage.
The killer bee closely misses you.
The gnoll sergeant hits you from afar with a +0 trident.
The killer bee stings you.
You are more poisoned.
The killer bee poisons you! The killer bee closely misses you.
The killer bee stings you but does no damage.
The killer bee closely misses you. The gnoll misses you.
You barely miss the killer bee. You grab the killer bee.
You constrict the killer bee.
Flame seeps out of the killer bee.
You feel sick.
The killer bee stings you but does no damage.
The killer bee stings you.
The killer bee stings you but does no damage.
The killer bee is engulfed in blazing flames.
Flame seeps out of the killer bee.
The killer bee barely misses you.
The gnoll sergeant hits you from afar with a +0 trident!
* * * LOW HITPOINT WARNING * * *
You barely miss the killer bee.
The killer bee is heavily wounded.
You constrict the killer bee.
Flame seeps out of the killer bee.
You feel sick. The killer bee closely misses you.
The killer bee is engulfed in blazing flames.
The killer bee explodes!
The fiery explosion engulfs the killer bee!! x2
The fiery explosion engulfs the killer bee!
The fiery explosion engulfs you!
* * * LOW HITPOINT WARNING * * *
The killer bee explodes!
The fiery explosion engulfs you!
You die...

.................#
.................#
....#####........#
....# #........#
##### #........#
#........#
#........# .
#........# ...
#......§S#####.....
#####..§○§ggg......
#..§§§g........
#.....g........
#..............
#..............
#..............
................
...?............


You could see a gnoll sergeant (inner flame) and 4 gnolls.

Vanquished Creatures
  2 two-headed ogres
  Pikel (D:8)
  Sigmund (D:6)
  A yak (D:5)
  2 wyverns (D:7)
  A water moccasin (D:5)
  3 ice beasts
  A sky beast (D:6)
  2 black bears (D:6)
  Pargi (Sewer)
  An ogre (D:5)
  3 centaurs
  3 phantoms (D:6)
  4 lemures (D:8)
  A kobold brigand (D:5)
  3 bullfrogs
  8 scorpions
  3 wights (D:6)
  4 killer bees (D:8)
  2 howler monkeys (D:5)
  A jelly (D:4)
  3 orc priests
  4 hounds (D:5)
  Terence (D:2)
  4 sleepcaps
  6 iguanas
  4 orc wizards
  A scorpion zombie (D:4)
  4 hound zombies (D:4)
  A hound skeleton (D:4)
  A gnoll (D:5)
  10 adders
  A shadow imp (D:7)
  3 white imps
  2 ufetubi (D:5)
  2 adder zombies (D:4)
  8 worms
  2 dart slugs
  16 orcs
  3 endoplasms
  8 giant cockroaches
  8 goblins
  9 hobgoblins
  10 jackals
  5 quokkas
  8 ball pythons
  9 bats
  6 frilled lizards
  9 kobolds
  5 rats
201 creatures vanquished.

Vanquished Creatures (others)
  An ancestor (D:8)
1 creature vanquished.

Grand Total: 202 creatures vanquished

Notes
Turn   | Place    | Note
-------+----------+-------------------------------------------
     0 | D:1      | LeprechaunX the Octopode Shapeshifter began the quest for
                  | the Orb.
     0 | D:1      | Reached XP level 1. HP: 13/13 MP: 1/1
   118 | D:1      | Reached XP level 2. HP: 18/18 MP: 2/2
   377 | D:1      | Reached XP level 3. HP: 23/23 MP: 3/3
   557 | D:1      | Found Feikos Lop's Antique Weapon Shoppe.
  1090 | D:2      | Reached XP level 4. HP: 21/29 MP: 4/4
  1486 | D:2      | Noticed Terence
  1498 | D:2      | Killed Terence
  1499 | D:2      | Reached skill level 4 in Unarmed Combat
  1764 | D:2      | Reached XP level 5. HP: 34/34 MP: 5/5
  2000 | D:3      | Found an iron altar of Okawaru.
  2098 | D:3      | Found a basalt altar of Yredelemnul.
  2099 | D:3      | Found a shimmering altar of Xom.
  2175 | D:3      | Found a broken altar of Ashenzari.
  3110 | D:4      | Reached XP level 6. HP: 41/41 MP: 6/6
  3278 | D:4      | Reached skill level 5 in Unarmed Combat
  3330 | D:4      | Got the Vademecum on Metamorphic Hail
  3678 | D:4      | Reached XP level 7. HP: 37/46 MP: 7/7
  4142 | D:5      | Entered Level 5 of the Dungeon
  4300 | D:5      | Noticed a yak
  4316 | D:5      | Reached skill level 6 in Unarmed Combat
  4326 | D:5      | Reached XP level 8. HP: 50/54 MP: 8/8
  4337 | D:5      | Killed a yak
  4342 | D:5      | Reached skill level 7 in Unarmed Combat
  4401 | D:5      | Reached skill level 5 in Shapeshifting
  4735 | D:5      | Found a white marble altar of Elyvilon.
  4747 | D:5      | Identified the +1 ring mail "Nuriraasi" {rN+ SInv Stlth+}
  4817 | D:5      | Found Imuwn's Serpentskin Sales.
  4961 | D:6      | Found a glowing drain.
  4990 | Sewer    | Entered a sewer
  5086 | Sewer    | Noticed Pargi
  5094 | Sewer    | Killed Pargi
  5095 | Sewer    | Reached skill level 8 in Unarmed Combat
  5275 | D:6      | Noticed Sigmund
  5276 | D:6      | Found a staircase to the Ecumenical Temple.
  5286 | D:6      | Killed Sigmund
  5287 | D:6      | Reached XP level 9. HP: 53/58 MP: 9/9
  5539 | Temple   | Found a transporter.
  5539 | Temple   | Found a transporter.
  5539 | Temple   | Found a transporter.
  5539 | Temple   | Found a transporter.
  5539 | Temple   | Entered the Ecumenical Temple
  5556 | Temple   | Became a worshipper of Hepliaklqana the Forgotten
  5596 | D:6      | Reached skill level 9 in Unarmed Combat
  6013 | D:6      | Noticed a two-headed ogre
  6039 | D:6      | Reached skill level 10 in Unarmed Combat
  6116 | D:6      | Killed a two-headed ogre
  6117 | D:6      | Reached skill level 11 in Unarmed Combat
  6117 | D:6      | Reached XP level 10. HP: 62/63 MP: 10/10
  6614 | D:7      | Found a one-way gate to the infinite horrors of the Abyss.
  6614 | D:7      | Noticed AwFulAwFulPlayer's ghost (novice TrMo)
  6645 | D:7      | Found a transporter.
  6647 | D:7      | Found a transporter.
  6678 | D:7      | Noticed a red ugly thing
  6780 | D:7      | Reached * piety under Hepliaklqana
  6866 | D:7      | Found a burning altar of Makhleb.
  6866 | D:7      | Noticed an Executioner
  7175 | D:8      | Noticed a kobold demonologist
  7209 | D:8      | Noticed a two-headed ogre
  7221 | D:8      | Killed a two-headed ogre
  7222 | D:8      | Reached skill level 1 in Invocations
  7405 | D:8      | Noticed Pikel
  7452 | D:8      | Killed Pikel
  7507 | D:8      | HP: 1/59 [spore (13)]
  7507 | D:8      | Killed by an exploding killer bee... ignited by their inner
                  | flame

Illustrated notes

Levels and vault maps discovered:
D:1:      heliophobic_arrival_henge, layout_basic, serial_shops,
          nicolae_shop_hallway_stairs
D:2:      layout_loops_ring, uniq_terence
D:3:      layout_basic, nicolae_ashenzari_skybound, nicolae_overflow_squiral,
          okawaru_trees_2
D:4:      layout_loops_corners, serial_undead, serial_undead_e, serial_undead_a,
          serial_undead_f, serial_undead_c, serial_undead_b, roderic_lattice_a
D:5:      cheibrodos_fzero, layout_loops_ring,
          mainiacjoe_overflow_six_doors_small, guppyfry_shop_venom
D:6:      minmay_clustersquares, layout_basic, minmay_temple_entry_glass,
          cheibrodos_sewer_entry_bend, uniq_sigmund
D:7:      layout_loops_ring, makhleb_altar_promises_db,
          gammafunk_ghost_abyssal_escape
D:8:      layout_gridville, due_lair_maze_entry_diamond, uniq_pikel
Temple:   hellmonk_temple_divided_pantheon

Skill      XL: |  1  2  3  4  5  6  7  8  9 10 |
---------------+-------------------------------+-----
Fighting       | 2 3 4 |  4.0
Unarmed Combat | 4 5 6 8 11 | 11.9
Dodging        | 3 4 |  4.0
Shapeshifting  | 4 5 7 |  7.8
Invocations    | 2 |  2.9

Action                     |  1- 3 |  4- 6 |  7- 9 | 10-12 || total
---------------------------+-------+-------+-------+-------++-------
  Melee: Unarmed           |    78 |   132 |   181 |    64 ||   455
         Constrict         |    24 |    35 |    43 |    17 ||   119
         Tentacles         |    14 |    30 |    40 |     1 ||    85
         Punch             |     1 |     4 |    11 |       ||    16
  Evoke: Wand              |       |       |     5 |       ||     5
    Use: Scroll            |       |       |     4 |     1 ||     5
         Potion            |       |       |     1 |       ||     1
   Stab: Sleeping          |     9 |    12 |     6 |     1 ||    28
         Distracted        |       |       |     1 |       ||     1
 Armour: Skin              |    13 |    35 |    37 |    34 ||   119
  Dodge: Dodged            |    51 |    74 |   151 |    55 ||   331
   Form: Anaconda          |       |       |       |     2 ||     2
         Beast             |       |       |       |     1 ||     1

Table legend: (Time is in decaauts)
 A = Elapsed time spent in this place.
 B = Non-inter-level travel time spent in this place.
 C = Inter-level travel time spent in this place.
 D = Time resting spent in this place.
 E = Time spent auto-exploring this place.
 F = Levels seen in this place.
 G = Mean time per level.
                   A        B        C        D        E       F      G
               +--------+--------+--------+--------+--------+-----+--------+
         Total |   7450 |   7053 |    397 |    377 |   5317 |  10 |  745.0 |
       Dungeon |   7180 |   6783 |    397 |    377 |   5123 |   8 |  897.5 |
        Temple |     34 |     34 |      0 |      0 |      0 |   1 |   34.0 |
         Sewer |    235 |    235 |      0 |      0 |    194 |   1 |  235.0 |
               +--------+--------+--------+--------+--------+-----+--------+

Top non-repeatable levels by time:
     D:6: 1287 daAuts
     D:4: 1244 daAuts
     D:2: 1030 daAuts
     D:1: 987 daAuts
     D:3: 862 daAuts
     D:7: 737 daAuts
     D:5: 731 daAuts
     D:8: 298 daAuts
   Sewer: 235 daAuts
  Temple: 34 daAuts
